[Event "ICC tourney 2606 (40 5)"]
[Site "Internet Chess Club"]
[Date "2021.06.12"]
[Round "1"]
[White "GRABINSKY, JOSHUA:K12-14729181"]
[Black "LADAN, NICHOLAS:K12-15092641"]
[Result "1-0"]
[ICCResult "Black resigns"]
[WhiteElo "2315"]
[BlackElo "2095"]
[Opening "Scotch game"]
[ECO "C45"]
[NIC "SO.05"]
[Time "11:16:01"]
[PlyCount "102"]
[TimeControl "2400+5"]

1. e4 e5 2. Nf3 Nc6 3. d4 exd4 4. Nxd4 Bc5 5. Nxc6 Qf6 6. Qf3 dxc6 7. Nc3
Qxf3 8. gxf3 Be6 9. Rg1 Ne7 10. Be3 Bxe3 11. fxe3 O-O 12. O-O-O f5 13. e5
f4 14. exf4 Rxf4 15. Bd3 Rxf3 16. Ne4 Bf5 17. Bc4+ Kf8 18. Nc5 Rf2 19. Ne6+
Bxe6 20. Bxe6 Ng6 21. Rd7 Re8 22. Bb3 Rxe5 23. Rxc7 Rxh2 24. Rf1+ Ke8 25.
Rd1 Ne7 26. Rxb7 Nd5 27. Ba4 Rh6 28. Rxg7 Re7 29. Rg8+ Kf7 30. Rc8 Ne3 31.
Bb3+ Kg7 32. Rg8+ Kf6 33. Rd6+ Kf5 34. Rxh6 Nf1 35. Rf8+ Kg5 36. Re6 Rxe6
37. Bxe6 Ng3 38. Rg8+ Kf4 39. Rg4+ Kf3 40. Rg7 h5 41. Rxa7 h4 42. Ra3+ Kg2
43. Rxg3+ hxg3 44. Bd7 c5 45. Bc6+ Kf2 46. a4 g2 47. Bxg2 Kxg2 48. a5 Kf2
49. a6 Ke3 50. a7 Kd4 51. a8=Q Kc4 { Black resigns } 1-0

[Event "ICC tourney 2606 (40 5)"]
[Site "Internet Chess Club"]
[Date "2021.06.12"]
[Round "1"]
[White "RAPARTHI, ANKIT:K12-14686010"]
[Black "OBEROI, SHELEV:K12-14961028"]
[Result "0-1"]
[ICCResult "White resigns"]
[WhiteElo "2033"]
[BlackElo "2285"]
[Opening "King's Indian: fianchetto, Yugoslav Panno"]
[ECO "E66"]
[NIC "KI.67"]
[Time "11:16:16"]
[PlyCount "64"]
[TimeControl "2400+5"]

1. Nf3 Nf6 2. g3 g6 3. Bg2 Bg7 4. O-O O-O 5. d4 d6 6. c4 c5 7. Nc3 Nc6 8.
d5 Na5 9. Nd2 e6 10. e4 exd5 11. exd5 Bg4 12. Bf3 Bf5 13. Re1 h5 14. a3 Ng4
15. h3 Ne5 16. g4 hxg4 17. hxg4 Bd7 18. Qe2 Re8 19. Nce4 f5 20. gxf5 gxf5
21. Nxd6 Nxf3+ 22. Nxf3 Rxe2 23. Rxe2 Nb3 24. Rb1 Nxc1 25. Rxc1 Qb6 26. Nb5
Qg6+ 27. Kf1 Qh5 28. Ng1 f4 29. f3 Re8 30. Rxe8+ Qxe8 31. Re1 Qg6 32. Nc7
Bd4 { White resigns } 0-1

[Event "ICC tourney 2606 (40 5)"]
[Site "Internet Chess Club"]
[Date "2021.06.12"]
[Round "1"]
[White "TSAY, VINCENT:K12-15297685"]
[Black "LEVKOV, DANIEL:K12-14218690"]
[Result "1/2-1/2"]
[ICCResult "Game drawn by mutual agreement"]
[WhiteElo "2392"]
[BlackElo "2159"]
[Opening "Dutch: Leningrad, main variation with c6"]
[ECO "A88"]
[NIC "HD.06"]
[Time "11:16:12"]
[PlyCount "54"]
[TimeControl "2400+5"]

1. d4 f5 2. c4 Nf6 3. Nf3 g6 4. g3 Bg7 5. Bg2 O-O 6. O-O d6 7. Nc3 c6 8. d5
Bd7 9. Nd4 cxd5 10. cxd5 Na6 11. b3 Rc8 12. Bb2 Nc5 13. Rc1 Qe8 14. Rc2 Qf7
15. e3 Nfe4 16. Qe2 Nxc3 17. Rxc3 Ne4 18. Rxc8 Rxc8 19. f3 Nc3 20. Bxc3
Rxc3 21. Qd2 Rc5 22. f4 Qe8 23. Rc1 Qc8 24. Rxc5 Qxc5 25. Ne6 Bxe6 26. dxe6
b6 27. Kf2 Qc3 { Game drawn by mutual agreement } 1/2-1/2

[Event "ICC tourney 2606 (40 5)"]
[Site "Internet Chess Club"]
[Date "2021.06.12"]
[Round "1"]
[White "HUNG, DANIEL:K12-14504425"]
[Black "WANG, JUSTIN:K12-14930904"]
[Result "0-1"]
[ICCResult "White resigns"]
[WhiteElo "2185"]
[BlackElo "2540"]
[Opening "Giuoco Pianissimo"]
[ECO "C55"]
[NIC "IG.01"]
[Time "11:16:11"]
[PlyCount "108"]
[TimeControl "2400+5"]

1. e4 e5 2. Nf3 Nc6 3. Bc4 Nf6 4. d3 Bc5 5. O-O d6 6. c3 h6 7. d4 Bb6 8.
dxe5 Nxe5 9. Nxe5 dxe5 10. Qc2 O-O 11. h3 Nh5 12. Be3 Qh4 13. Nd2 Bxh3 14.
gxh3 Bxe3 15. fxe3 Qg3+ 16. Kh1 Qxh3+ 17. Kg1 Qxe3+ 18. Kh2 Qg3+ 19. Kh1
Qh3+ 20. Kg1 Ng3 21. Nf3 Nxf1 22. Rxf1 Rad8 23. Qg2 Qxg2+ 24. Kxg2 Rfe8 25.
Nh4 Rd7 26. Kg3 c6 27. a4 a5 28. Rf5 g5 29. Ng6 Kg7 30. Nxe5 Rde7 31. Ng4
Rd8 32. e5 Rd2 33. b3 Rb2 34. Rf3 b5 35. axb5 cxb5 36. Bd5 Re2 37. c4 h5
38. Nf6 h4+ 39. Kg4 bxc4 40. Nh5+ Kf8 41. e6 cxb3 42. Bxb3 Rg2+ 43. Kh3 g4+
44. Kxg2 gxf3+ 45. Kxf3 fxe6 46. Nf4 Kf7 47. Kg4 Kf6 48. Kxh4 Rb7 49. Bxe6
Rb4 50. Kg3 Ke5 51. Nd3+ Kxe6 52. Nxb4 axb4 53. Kf3 b3 54. Ke3 b2 { White
resigns } 0-1

[Event "ICC tourney 2606 (40 5)"]
[Site "Internet Chess Club"]
[Date "2021.06.12"]
[Round "1"]
[White "KOTHAPALLI, PRADHYUMNAKUMAR:K12-15273893"]
[Black "CHASIN, NICO WERNER:K12-14955471"]
[Result "0-1"]
[ICCResult "White checkmated"]
[WhiteElo "2140"]
[BlackElo "2389"]
[Opening "Sicilian defense"]
[ECO "B40"]
[NIC "SI.43"]
[Time "11:16:00"]
[PlyCount "242"]
[TimeControl "2400+5"]

1. e4 c5 2. Nf3 e6 3. c3 Nf6 4. e5 Nd5 5. d4 cxd4 6. cxd4 d6 7. Bb5+ Bd7 8.
Bc4 Bc6 9. O-O Nd7 10. Bxd5 Bxd5 11. Nc3 Bc4 12. Re1 d5 13. Bg5 Qa5 14. Nd2
Ba6 15. Nb3 Qb6 16. Qg4 h6 17. Be3 Bd3 18. Nc5 Nxc5 19. dxc5 Qc6 20. Qd4
Bf5 21. a4 a6 22. b4 Be7 23. Rac1 O-O 24. h4 Rfc8 25. a5 f6 26. Bf4 Rf8 27.
Re3 Rad8 28. Rg3 Kh7 29. Re1 Qe8 30. Rge3 Qh5 31. Bg3 fxe5 32. Bxe5 Bxh4
33. Ne2 Bg5 34. Nf4 Qf7 35. Bd6 Rfe8 36. Be5 Be4 37. g3 Qf5 38. f3 Bc2 39.
Kg2 Rd7 40. R3e2 Ba4 41. Bd6 Bf6 42. Be5 Bb5 43. Re3 Bg5 44. Bd6 Rf7 45.
Re5 Qc2+ 46. Kh3 Bxf4 47. gxf4 Bd3 48. Kg3 Rf6 49. f5 Bxf5 50. R1e2 Rg6+
51. Kf2 Qc1 52. Re1 Qg5 53. Ke2 Qg2+ 54. Kd1 Qxf3+ 55. R1e2 Bd3 56. Re3
Bxe2+ 57. Rxe2 Qf6 58. Be5 Qf1+ 59. Kd2 Rf8 60. Bd6 Rf5 61. Be5 Rg2 62.
Rxg2 Qxg2+ 63. Kc3 Qf3+ 64. Kb2 Qe2+ 65. Ka1 Qxe5 66. Qxe5 Rxe5 67. b5 axb5
68. c6 bxc6 69. a6 Re4 70. a7 Ra4+ 71. Kb2 Rxa7 72. Kc3 c5 73. Kb3 e5 74.
Kb2 h5 75. Kc2 h4 76. Kb2 g5 77. Kc2 g4 78. Kb2 g3 79. Kc2 g2 80. Kb2 h3
81. Kc2 h2 82. Kb2 g1=N 83. Kc2 h1=N 84. Kb2 e4 85. Kc2 d4 86. Kb2 e3 87.
Kc2 c4 88. Kb2 b4 89. Kc2 d3+ 90. Kb2 e2 91. Kb1 e1=N 92. Kb2 c3+ 93. Kb3
Rb7 94. Ka2 d2 95. Kb3 d1=N 96. Ka2 c2 97. Kb3 c1=N+ 98. Ka4 b3 99. Ka3 b2
100. Ka4 b1=N 101. Ka5 Ndc3 102. Ka6 Rb5 103. Ka7 Nf2 104. Ka8 Rb6 105. Ka7
Nd5 106. Ka8 Nge2 107. Ka7 Ned3 108. Ka8 Nb3 109. Ka7 Nbc3 110. Ka8 Ned4
111. Ka7 Nfe4 112. Ka8 N3b4 113. Ka7 Na5 114. Ka8 Nc4 115. Ka7 Na4 116. Ka8
Nac5 117. Ka7 Ned6 118. Ka8 Nba6 119. Ka7 Na5 120. Ka8 Rb8+ 121. Ka7 Ndc6#
{ White checkmated } 0-1

[Event "ICC tourney 2606 (40 5)"]
[Site "Internet Chess Club"]
[Date "2021.06.12"]
[Round "1"]
[White "CLASBY, DEREK:K12-15194211"]
[Black "LIU, LEONARDO:K12-14879663"]
[Result "0-1"]
[ICCResult "White resigns"]
[WhiteElo "2286"]
[BlackElo "2042"]
[Opening "Sicilian: Hungarian variation"]
[ECO "B27"]
[NIC "SI.43"]
[Time "11:16:02"]
[PlyCount "84"]
[TimeControl "2400+5"]

1. e4 c5 2. Nf3 g6 3. c3 d5 4. d3 Bg7 5. Be2 Nc6 6. Qc2 e6 7. Be3 b6 8. O-O
Nge7 9. Na3 O-O 10. Rfd1 Bb7 11. Qc1 Bh8 12. Bh6 Re8 13. Qf4 Qd7 14. Qh4 f6
15. Nc2 g5 16. Qg3 Bg7 17. Bxg7 Kxg7 18. h4 h6 19. hxg5 fxg5 20. Ne3 Ng6
21. Ng4 Nf4 22. Bf1 Qf7 23. e5 Ne7 24. Nf6 Rf8 25. d4 c4 26. Qg4 Ng8 27.
Nxg8 Rxg8 28. g3 Kf8 29. Kh2 Ng6 30. Be2 Ke7 31. Rh1 Raf8 32. Rag1 Kd7 33.
Kg2 Nf4+ 34. gxf4 gxf4 35. Kf1 Rxg4 36. Rxg4 Qf5 37. Rg7+ Rf7 38. Rxf7+
Qxf7 39. Rxh6 Qf5 40. b3 b5 41. bxc4 dxc4 42. Kg2 Qg4+ { White resigns }
0-1

[Event "ICC tourney 2606 (40 5)"]
[Site "Internet Chess Club"]
[Date "2021.06.12"]
[Round "1"]
[White "GUO, ARTHUR:K12-14772092"]
[Black "DHAR, SUMIT:K12-15188271"]
[Result "1-0"]
[ICCResult "Black resigns"]
[WhiteElo "2447"]
[BlackElo "2181"]
[Opening "Sicilian: Najdorf"]
[ECO "B90"]
[NIC "SI.14"]
[Time "11:16:03"]
[PlyCount "59"]
[TimeControl "2400+5"]

1. e4 c5 2. Nf3 d6 3. d4 cxd4 4. Nxd4 Nf6 5. Nc3 a6 6. a4 Nc6 7. a5 g6 8.
Nd5 Nxe4 9. Be3 Nc5 10. Nb6 Rb8 11. Nxc6 bxc6 12. Bxc5 dxc5 13. Qf3 Qc7 14.
Qc3 e5 15. Nxc8 Rxc8 16. Bxa6 Rd8 17. O-O Bd6 18. Bc4 O-O 19. a6 e4 20. g3
Rfe8 21. Qe3 Kg7 22. Ra3 f5 23. Rb3 Rb8 24. Rxb8 Rxb8 25. Rd1 Qe7 26. Qc3+
Be5 27. Rd7 Qxd7 28. Qxe5+ Kh6 29. Qxb8 Qd1+ 30. Bf1 { Black resigns } 1-0

[Event "ICC tourney 2606 (40 5)"]
[Site "Internet Chess Club"]
[Date "2021.06.12"]
[Round "1"]
[White "PULLABHOTLA, VENKATA:K12-15472194"]
[Black "KUNG, THOMAS:K12-14583075"]
[Result "0-1"]
[ICCResult "White forfeits on time"]
[WhiteElo "2094"]
[BlackElo "2286"]
[Opening "French: Two knights variation"]
[ECO "C00"]
[NIC "FR.01"]
[Time "11:16:32"]
[PlyCount "54"]
[TimeControl "2400+5"]

1. e4 e6 2. Nc3 d5 3. Nf3 Nf6 4. e5 Nfd7 5. d4 c5 6. Bg5 Qb6 7. dxc5 Nxc5
8. Be3 Nc6 9. Bb5 Bd7 10. Bxc6 bxc6 11. Qd2 Qxb2 12. O-O Qa3 13. Rab1 Be7
14. Nd4 O-O 15. f4 Rab8 16. Rbe1 Na4 17. Nxa4 Qxa4 18. f5 exf5 19. Nxf5
Bxf5 20. Rxf5 Rb2 21. Rf2 Qxa2 22. Ref1 Rb1 23. Rxb1 Qxb1+ 24. Rf1 Qa2 25.
Qc3 Qa6 26. Ra1 Qe2 27. Rxa7 Bb4 { White forfeits on time } 0-1

[Event "ICC tourney 2606 (40 5)"]
[Site "Internet Chess Club"]
[Date "2021.06.12"]
[Round "1"]
[White "ZHANG, ERIC M:K12-14668426"]
[Black "OSKIPER, CONSTANTINE:K12-14338863"]
[Result "0-1"]
[ICCResult "White resigns"]
[WhiteElo "2204"]
[BlackElo "1909"]
[Opening "Neo-Grünfeld defense"]
[ECO "D70"]
[NIC "KI.80"]
[Time "11:17:01"]
[PlyCount "84"]
[TimeControl "2400+5"]

1. d4 Nf6 2. c4 g6 3. f3 d5 4. cxd5 Nxd5 5. e4 Nb6 6. Nc3 Bg7 7. Be3 O-O 8.
Qd2 e5 9. d5 f5 10. O-O-O f4 11. Bf2 c6 12. Kb1 cxd5 13. Bxb6 Qxb6 14. Nxd5
Qd8 15. Bc4 Kh8 16. h4 Nc6 17. Ne2 h6 18. Qe1 Bd7 19. g3 b5 20. Bb3 a5 21.
gxf4 a4 22. Bc2 b4 23. Bd3 a3 24. b3 exf4 25. Qg1 Qb8 26. Kc2 Qe5 27. Rb1
Ne7 28. Nxe7 Qxe7 29. Qxg6 Rf6 30. Qh5 Rc8+ 31. Kd2 Rc5 32. Qg5 Rxg5 33.
hxg5 Rd6 34. gxh6 Rxd3+ 35. Kxd3 Qd6+ 36. Kc2 Qc5+ 37. Kd1 Be5 38. Rc1 Qe3
39. Rf1 Bb5 40. Rc2 Bc3 41. h7 Bxe2+ 42. Rxe2 Qd3+ { White resigns } 0-1

[Event "ICC tourney 2606 (40 5)"]
[Site "Internet Chess Club"]
[Date "2021.06.12"]
[Round "1"]
[White "SU, KENNETH:K12-15191452"]
[Black "LU, MAXIMILLIAN:K12-14732597"]
[Result "0-1"]
[ICCResult "White resigns"]
[WhiteElo "2160"]
[BlackElo "2430"]
[Opening "KP: Nimzovich defense"]
[ECO "B00"]
[NIC "VO.05"]
[Time "11:16:29"]
[PlyCount "100"]
[TimeControl "2400+5"]

1. e4 Nc6 2. Nf3 Nf6 3. e5 Nd5 4. c4 Nb6 5. Nc3 d6 6. d4 Bg4 7. exd6 cxd6
8. Be3 g6 9. h3 Bxf3 10. Qxf3 Bg7 11. Rd1 Rc8 12. c5 Na8 13. Bb5 O-O 14.
O-O dxc5 15. dxc5 Qa5 16. Bxc6 Rxc6 17. Nd5 Re6 18. Bg5 Qxc5 19. b4 Qc4 20.
Rc1 Qxa2 21. Bxe7 Re8 22. Bf6 Nb6 23. Bxg7 Qxd5 24. Qxd5 Nxd5 25. Bh6 Nxb4
26. Rb1 a5 27. Bd2 Rb6 28. Rfc1 Rc6 29. Bxb4 axb4 30. Rxc6 bxc6 31. Rxb4
Re1+ 32. Kh2 Rc1 33. Kg3 Rc2 34. Rb8+ Kg7 35. Rc8 g5 36. f4 h6 37. h4 gxf4+
38. Kxf4 Rxg2 39. Rxc6 h5 40. Kf5 Rg4 41. Ra6 Rxh4 42. Kg5 Rh1 43. Ra4 f6+
44. Kf5 Rf1+ 45. Ke6 Kg6 46. Ra8 Re1+ 47. Kd5 Kf5 48. Kd4 Kf4 49. Kd3 h4
50. Rh8 Kg3 { White resigns } 0-1

[Event "ICC tourney 2606 (40 5)"]
[Site "Internet Chess Club"]
[Date "2021.06.12"]
[Round "1"]
[White "ORUGANTI, SURAJ:K12-15521792"]
[Black "YOO, EUGENE CHOI:K12-14862820"]
[Result "1-0"]
[ICCResult "Black checkmated"]
[WhiteElo "1771"]
[BlackElo "2191"]
[Opening "Sicilian: Alapin's variation (2.c3)"]
[ECO "B22"]
[NIC "SI.46"]
[Time "11:16:10"]
[PlyCount "61"]
[TimeControl "2400+5"]

1. e4 c5 2. c3 d5 3. exd5 Qxd5 4. d4 Nf6 5. Nf3 Bg4 6. Be2 e6 7. O-O Nc6 8.
h3 Bh5 9. Be3 cxd4 10. Nxd4 Bxe2 11. Qxe2 Nxd4 12. Bxd4 Be7 13. Rd1 Qc6 14.
Nd2 O-O 15. Nf3 Rfd8 16. Rd3 Bc5 17. Bxf6 gxf6 18. Rad1 Qb6 19. Nd4 Bxd4
20. Qg4+ Kh8 21. Rxd4 Rg8 22. Qf3 Rg6 23. Rd7 Rag8 24. Rxf7 Qxb2 25. g3 f5
26. Qe3 Qb6 27. Qe5+ R6g7 28. Rxg7 Rxg7 29. Rd7 Qb1+ 30. Kh2 Qe4 31. Rd8# {
Black checkmated } 1-0

[Event "ICC tourney 2606 (40 5)"]
[Site "Internet Chess Club"]
[Date "2021.06.12"]
[Round "1"]
[White "GUNDAM, ROHIT:K12-14908373"]
[Black "BIRADAVOLU, ASRITH:K12-14190950"]
[Result "1-0"]
[ICCResult "Black resigns"]
[WhiteElo "2190"]
[BlackElo "1490"]
[Opening "King's Indian: Smyslov system"]
[ECO "E61"]
[NIC "KI.76"]
[Time "11:17:09"]
[PlyCount "117"]
[TimeControl "2400+5"]

1. d4 Nf6 2. Nf3 g6 3. c4 d6 4. Nc3 Bg7 5. Bg5 O-O 6. e3 Nbd7 7. Be2 Re8 8.
O-O e5 9. Qc2 b6 10. dxe5 Nxe5 11. Nxe5 Rxe5 12. Bf4 Re8 13. Bf3 Rb8 14.
Nb5 Bb7 15. Bxb7 Rxb7 16. Rfd1 Nh5 17. Bxd6 cxd6 18. Nxd6 Rd7 19. Nxe8
Rxd1+ 20. Rxd1 Qxe8 21. b4 Nf6 22. h3 Qc6 23. Rd8+ Bf8 24. Qd3 Kg7 25. a3
Be7 26. Rd4 a6 27. Qb3 b5 28. c5 Nd7 29. f4 Nf8 30. Qd5 Qc8 31. c6 Bf6 32.
Rd3 Qc7 33. g3 Ne6 34. Qd7 Qb6 35. Qb7 Bd8 36. Kf2 Bc7 37. Kf3 g5 38. Rd7
gxf4 39. gxf4 Kf6 40. h4 a5 41. Qxb6 Bxb6 42. Rb7 Bc7 43. Rxb5 axb4 44.
axb4 Ke7 45. Rh5 Nf8 46. Rd5 Ke6 47. e4 Ng6 48. f5+ Kf6 49. fxg6 fxg6 50.
Rd7 Be5 51. c7 Bxc7 52. Rxc7 g5 53. Rc6+ Kg7 54. hxg5 h5 55. gxh6+ Kh7 56.
b5 Kh8 57. b6 Kh7 58. b7 Kg8 59. b8=Q+ { Black resigns } 1-0

[Event "ICC tourney 2606 (40 5)"]
[Site "Internet Chess Club"]
[Date "2021.06.12"]
[Round "1"]
[White "MCCOY, OWEN:K12-14447115"]
[Black "KUMARAPPAN, GANESH:K12-14920281"]
[Result "0-1"]
[ICCResult "White forfeits on time"]
[WhiteElo "2251"]
[BlackElo "2001"]
[Opening "Réti: King's Indian attack"]
[ECO "A05"]
[NIC "QP.11"]
[Time "11:16:47"]
[PlyCount "92"]
[TimeControl "2400+5"]

1. Nf3 Nf6 2. g3 g6 3. Bg2 Bg7 4. O-O O-O 5. d3 d6 6. e4 e5 7. Nbd2 Nbd7 8.
c3 d5 9. exd5 Nxd5 10. Re1 Re8 11. Ne4 c6 12. Nd6 Re7 13. Qc2 Qc7 14. Nxc8
Rxc8 15. Bd2 Rd8 16. Rab1 f5 17. b4 N7f6 18. c4 Nb6 19. a4 h6 20. a5 Nbd7
21. Nh4 Nf8 22. Be3 b6 23. Qa2 bxa5 24. bxa5 Rxd3 25. Bc5 Red7 26. Bxf8
Bxf8 27. Nxg6 e4 28. Nxf8 Kxf8 29. Qb2 Kf7 30. a6 Qa5 31. Ra1 Qc5 32. Re2
Qxc4 33. Bf1 Rd1 34. Re1 Rxe1 35. Rxe1 Qd5 36. Rc1 Kg6 37. Qc3 Rd6 38. Rc2
Ng4 39. Be2 Ne5 40. Qe3 Qd4 41. Qb3 Qa1+ 42. Kg2 Nf7 43. h4 Qe5 44. Bc4 Nd8
45. Qb8 Rd5 46. Qxa7 Rc5 { White forfeits on time } 0-1

[Event "ICC tourney 2606 (40 5)"]
[Site "Internet Chess Club"]
[Date "2021.06.12"]
[Round "1"]
[White "LANCMAN, KYLE B:K12-15146021"]
[Black "MOOR, NATHANIEL PHILIP:K12-15012516"]
[Result "1-0"]
[ICCResult "Black checkmated"]
[WhiteElo "1993"]
[BlackElo "2219"]
[Opening "Sicilian: Prins (Moscow) variation"]
[ECO "B55"]
[NIC "SI.01"]
[Time "11:16:01"]
[PlyCount "133"]
[TimeControl "2400+5"]

1. e4 c5 2. Nf3 d6 3. d4 cxd4 4. Nxd4 Nf6 5. f3 e5 6. Nb3 a6 7. c4 Be7 8.
Be3 Be6 9. Nc3 O-O 10. Be2 Nbd7 11. O-O Rc8 12. Nd5 Bxd5 13. cxd5 Nh5 14.
Qd2 Nf4 15. Rac1 Bg5 16. Rxc8 Nxe2+ 17. Qxe2 Bxe3+ 18. Qxe3 Qxc8 19. Rc1
Qb8 20. Kf1 Rc8 21. Rxc8+ Qxc8 22. Qc3 Qxc3 23. bxc3 Kf8 24. c4 Ke7 25. Ke2
Kd8 26. Kd3 Kc7 27. Kc3 b5 28. cxb5 axb5 29. Kb4 Kb6 30. a4 bxa4 31. Kxa4
f5 32. Kb4 fxe4 33. fxe4 Nb8 34. Kc4 Na6 35. Kd3 Kb5 36. Nd2 Nb4+ 37. Kc3
Na6 38. Kd3 Nc5+ 39. Ke3 Na6 40. Nf3 Kc5 41. Ng5 h6 42. Ne6+ Kc4 43. Nxg7
Nb4 44. Nf5 Nc2+ 45. Kd2 Nb4 46. Nxd6+ Kd4 47. Ke2 Nd3 48. g3 h5 49. h3 Nc5
50. g4 hxg4 51. hxg4 Nd3 52. g5 Nf4+ 53. Kf3 Kc5 54. Nf7 Ng6 55. Kg4 Kd4
56. Kf5 Nh4+ 57. Kf6 Kxe4 58. d6 Kf4 59. d7 e4 60. d8=Q e3 61. Qd4+ Kf3 62.
Qxh4 e2 63. g6 Kg2 64. g7 Kf3 65. g8=Q e1=Q 66. Qxe1 Kf4 67. Qgg3# { Black
checkmated } 1-0

[Event "ICC tourney 2606 (40 5)"]
[Site "Internet Chess Club"]
[Date "2021.06.12"]
[Round "1"]
[White "CHEN, BENJAMINLJ:K12-14811886"]
[Black "WHITE, GABRIEL:K12-14675560"]
[Result "1-0"]
[ICCResult "Black forfeits on time"]
[WhiteElo "2192"]
[BlackElo "1889"]
[Opening "QGD Slav: Breyer variation"]
[ECO "D11"]
[NIC "SL.01"]
[Time "11:16:14"]
[PlyCount "143"]
[TimeControl "2400+5"]

1. d4 d5 2. c4 c6 3. Nf3 Nf6 4. Nbd2 e6 5. g3 Nbd7 6. Bg2 Bd6 7. O-O b6 8.
Qc2 Bb7 9. Rd1 O-O 10. e4 e5 11. dxe5 Bxe5 12. Nxe5 Nxe5 13. exd5 cxd5 14.
b3 Qc7 15. Bb2 Rac8 16. Qf5 Ned7 17. cxd5 Qc2 18. Qxc2 Rxc2 19. Ba3 Re8 20.
Nc4 Ree2 21. Ne3 Rxa2 22. Rxa2 Rxa2 23. Be7 Rb2 24. Bh3 Ne5 25. Nc4 Nf3+
26. Kg2 Rxb3 27. Bxf6 gxf6 28. Ne3 Ne5 29. Rc1 Rd3 30. Kf1 Rxe3 31. fxe3
Bxd5 32. Rd1 Bc4+ 33. Kf2 b5 34. Ra1 Nd3+ 35. Kg1 b4 36. Rxa7 b3 37. Rb7
Nc5 38. Rb4 Bd3 39. Bf1 Bc2 40. Bc4 Nd7 41. Bxb3 Bf5 42. Bd1 Ne5 43. Rb7
Be6 44. Be2 Bd5 45. Rb5 Be6 46. h4 Kg7 47. Kf2 Kg6 48. e4 Nd7 49. Ke3 Ne5
50. Kf4 Nd7 51. g4 Kg7 52. Ra5 Kg6 53. Bd3 Ne5 54. Be2 Kg7 55. g5 Ng6+ 56.
Kg3 fxg5 57. Rxg5 Kf6 58. Bg4 Ba2 59. Rf5+ Kg7 60. h5 Ne7 61. Ra5 Bc4 62.
Kf4 Bb3 63. Rc5 Ba2 64. Bd1 Be6 65. Rc7 Ng8 66. Bg4 Bxg4 67. Kxg4 Nf6+ 68.
Kf5 Nxh5 69. e5 Ng3+ 70. Kg4 Ne4 71. e6 Nd6 72. Rd7 { Black forfeits on
time } 1-0

[Event "ICC tourney 2606 (40 5)"]
[Site "Internet Chess Club"]
[Date "2021.06.12"]
[Round "2"]
[White "WANG, JUSTIN:K12-14930904"]
[Black "BONAM, SAIGAUTAM:K12-14765995"]
[Result "1-0"]
[ICCResult "Black checkmated"]
[WhiteElo "2540"]
[BlackElo "2193"]
[Opening "Caro-Kann: advance variation"]
[ECO "B12"]
[NIC "CK.04"]
[Time "14:00:49"]
[PlyCount "61"]
[TimeControl "2400+5"]

1. e4 c6 2. d4 d5 3. e5 Bf5 4. Nf3 e6 5. Be2 c5 6. Be3 cxd4 7. Nxd4 Ne7 8.
O-O Nbc6 9. Bb5 a6 10. Bxc6+ bxc6 11. c4 dxc4 12. Qa4 Be4 13. Nd2 Bd5 14.
Nxc4 Bxc4 15. Qxc4 Qd5 16. Qa4 f5 17. exf6 gxf6 18. Rac1 Rg8 19. f3 Rc8 20.
Rfd1 Qe5 21. Re1 Qd6 22. Qxa6 Kf7 23. Rcd1 Qd5 24. Bf2 Rd8 25. Qe2 Qe5 26.
Qc2 Qg5 27. g3 e5 28. Qb3+ Ke8 29. Ne6 Rxd1 30. Rxd1 Qf5 31. Nc7# { Black
checkmated } 1-0

[Event "ICC tourney 2606 (40 5)"]
[Site "Internet Chess Club"]
[Date "2021.06.12"]
[Round "2"]
[White "LIU, LEONARDO:K12-14879663"]
[Black "GUO, ARTHUR:K12-14772092"]
[Result "0-1"]
[ICCResult "White resigns"]
[WhiteElo "2042"]
[BlackElo "2447"]
[Opening "Sicilian: closed, 6.Be3"]
[ECO "B26"]
[NIC "SI.45"]
[Time "14:00:54"]
[PlyCount "50"]
[TimeControl "2400+5"]

1. e4 c5 2. Nc3 Nc6 3. g3 g6 4. Bg2 Bg7 5. d3 d6 6. Be3 e5 7. Qd2 Be6 8.
Nf3 h6 9. Ne2 Nf6 10. h3 Nd4 11. c3 Nxf3+ 12. Bxf3 Qd7 13. Bg2 Rc8 14. f4
h5 15. d4 cxd4 16. cxd4 exf4 17. Bxf4 d5 18. e5 Ne4 19. Bxe4 dxe4 20. Nc3
O-O 21. O-O-O Bxa2 22. g4 Bb3 23. Rdg1 h4 24. Kb1 b5 25. Rc1 b4 { White
resigns } 0-1

[Event "ICC tourney 2606 (40 5)"]
[Site "Internet Chess Club"]
[Date "2021.06.12"]
[Round "2"]
[White "WHITE, GABRIEL:K12-14675560"]
[Black "ZHANG, ERIC M:K12-14668426"]
[Result "1-0"]
[ICCResult "Black resigns"]
[WhiteElo "1889"]
[BlackElo "2204"]
[Opening "Sicilian: Scheveningen, classical, Nd7 system"]
[ECO "B84"]
[NIC "SI.23"]
[Time "14:00:28"]
[PlyCount "51"]
[TimeControl "2400+5"]

1. e4 c5 2. Nf3 d6 3. d4 cxd4 4. Nxd4 Nf6 5. Nc3 a6 6. Be2 e6 7. O-O Nbd7
8. Bg5 b5 9. a4 b4 10. Na2 Bb7 11. Bf3 h6 12. Bh4 Qb6 13. a5 Qxa5 14. e5
Nd5 15. c4 bxc3 16. Nxc3 Qc5 17. Nxe6 Nxc3 18. bxc3 Qc8 19. exd6 g5 20.
Nc7+ Kd8 21. Bg3 Bg7 22. Qb3 Nc5 23. Qb6 Bxf3 24. gxf3 Rb8 25. Qxc5 Rb5 26.
Qe3 { Black resigns } 1-0

[Event "ICC tourney 2606 (40 5)"]
[Site "Internet Chess Club"]
[Date "2021.06.12"]
[Round "2"]
[White "OBEROI, SHELEV:K12-14961028"]
[Black "ORUGANTI, SURAJ:K12-15521792"]
[Result "1-0"]
[ICCResult "Black checkmated"]
[WhiteElo "2285"]
[BlackElo "1771"]
[Opening "Scotch: Potter variation"]
[ECO "C45"]
[NIC "SO.05"]
[Time "14:00:21"]
[PlyCount "59"]
[TimeControl "2400+5"]

1. e4 e5 2. Nf3 Nc6 3. d4 exd4 4. Nxd4 Bc5 5. Nb3 Bb6 6. Nc3 Nf6 7. Qe2 d6
8. Be3 O-O 9. f3 Re8 10. O-O-O Be6 11. Qd2 Qe7 12. g4 Ne5 13. Be2 Bc4 14.
h4 Bxe2 15. Qxe2 c6 16. h5 Bxe3+ 17. Qxe3 h6 18. Nd4 Rad8 19. g5 hxg5 20.
Nf5 Qf8 21. Qxg5 Nxf3 22. Qf4 Ne5 23. h6 g6 24. Ng7 Neg4 25. Nxe8 Qxe8 26.
Rxd6 Rxd6 27. Qxd6 Nxe4 28. Nxe4 Qxe4 29. h7+ Kh8 30. Qf8# { Black
checkmated } 1-0

[Event "ICC tourney 2606 (40 5)"]
[Site "Internet Chess Club"]
[Date "2021.06.12"]
[Round "2"]
[White "CHASIN, NICO WERNER:K12-14955471"]
[Black "GUNDAM, ROHIT:K12-14908373"]
[Result "1-0"]
[ICCResult "Black checkmated"]
[WhiteElo "2389"]
[BlackElo "2190"]
[Opening "Bogo-Indian defense, Grünfeld variation"]
[ECO "E11"]
[NIC "QI.01"]
[Time "14:00:05"]
[PlyCount "79"]
[TimeControl "2400+5"]

1. d4 Nf6 2. c4 e6 3. Nf3 Bb4+ 4. Nbd2 O-O 5. a3 Bxd2+ 6. Qxd2 b6 7. g3 Bb7
8. Bg2 d6 9. b3 Nbd7 10. Bb2 Qe7 11. O-O Rfe8 12. Rfe1 Be4 13. Bf1 h6 14.
Nh4 Bh7 15. f3 d5 16. e3 c5 17. cxd5 exd5 18. a4 g5 19. Ng2 g4 20. fxg4
Nxg4 21. Bb5 Be4 22. Nf4 Qd6 23. Bxd7 Qxd7 24. h3 cxd4 25. hxg4 Qxg4 26.
Qh2 Rac8 27. Bxd4 Rc2 28. Re2 Rec8 29. Rxc2 Rxc2 30. Qh4 Qc8 31. Rf1 Rc1
32. Bb2 Rxf1+ 33. Kxf1 d4 34. Qxh6 Qg4 35. Bxd4 Qd1+ 36. Kf2 Qf3+ 37. Ke1
Qxg3+ 38. Kd2 Qf2+ 39. Ne2 f5 40. Qg7# { Black checkmated } 1-0

[Event "ICC tourney 2606 (40 5)"]
[Site "Internet Chess Club"]
[Date "2021.06.12"]
[Round "2"]
[White "DHAR, SUMIT:K12-15188271"]
[Black "RAPARTHI, ANKIT:K12-14686010"]
[Result "1/2-1/2"]
[ICCResult "Game drawn by mutual agreement"]
[WhiteElo "2181"]
[BlackElo "2033"]
[Opening "Dutch defense"]
[ECO "A81"]
[NIC "HD.12"]
[Time "14:00:55"]
[PlyCount "61"]
[TimeControl "2400+5"]

1. d4 f5 2. g3 Nf6 3. Bg2 g6 4. Nf3 Bg7 5. b3 O-O 6. Bb2 d6 7. Nbd2 Nc6 8.
c4 e5 9. dxe5 Ng4 10. O-O dxe5 11. h3 Nh6 12. a3 a5 13. Qc2 Qe7 14. e4 f4
15. Rfd1 Nf7 16. gxf4 exf4 17. Bxg7 Kxg7 18. Qc3+ Qf6 19. Qxf6+ Kxf6 20.
Nb1 Nce5 21. Nxe5 Nxe5 22. Nc3 c6 23. Na4 Be6 24. Nc5 b6 25. Nxe6 Kxe6 26.
a4 Rad8 27. h4 Rd3 28. c5 bxc5 29. Rxd3 Nxd3 30. Rd1 Ne5 31. Rc1 { Game
drawn by mutual agreement } 1/2-1/2